 Dungeon Crawl Stone Soup version 0.29-a0-823-gc37b1572da (webtiles) character file.

Game seed: 8155723740315065538

182 jimonade the Magician (level 5, -3/38 HPs)
             Began as a Djinni Ice Elementalist on July 9, 2022.
             Slain by Grinder (5 damage)
             ... on level 3 of the Dungeon.
             The game lasted 00:07:18 (3043 turns).

jimonade the Magician (Djinni Ice Elementalist)     Turns: 3043, Time: 00:07:21

Health: -3/38      AC:  2    Str:  9    XL:     5   Next: 93%
Gold:   122        EV: 12    Int: 16    God:
                   SH:  0    Dex: 14

rFire   + + .      SeeInvis .   p - +0 spear
rCold   x . .      Faith    .   (no shield)
rNeg    . . .      Spirit   .   a - +0 robe
rPois   ∞          Reflect  .   (no helmet)
rElec   .          Harm     .   (no cloak)
rCorr   .          Rampage  .   (no gloves)
Will    .....                   (boots unavailable)
Stlth   ++........              (no amulet)
HPRegen 0.12/turn               (no ring)
MPRegen 0.00/turn               (no ring)

@: flying
A: sickness immunity, fire resistance 2, cold vulnerability 1, float, innate
caster, HP casting, extra vitality 1
a: no special abilities


You were on level 3 of the Dungeon.
You visited 1 branch of the dungeon, and saw 3 of its levels.

You collected 122 gold pieces.

Inventory:

Hand Weapons
 p - a +0 spear (weapon)
 r - a +0 short sword
 s - a +0 short sword
 t - a +2 short sword of electrocution
Missiles
 e - 32 stones
 l - 5 boomerangs
Armour
 a - a +0 robe (worn)
 u - a +0 chain mail
 w - a +0 ring mail
 x - a +0 pair of gloves
Magical Staves
 d - a staff of death
 h - a staff of poison
Jewellery
 m - a +4 ring of protection
Scrolls
 b - a scroll of noise {unknown}
 g - a scroll of amnesia {unknown}
 i - 5 scrolls of identify {unknown}
 j - 2 scrolls of enchant armour {unknown}
 n - 2 scrolls of teleportation {unknown}
 q - a scroll of enchant weapon {unknown}
 v - 2 scrolls of torment {unknown}
Potions
 c - a potion of degeneration {unknown}
 f - 2 potions of curing {unknown}
 k - 3 potions of haste {unknown}
 o - a potion of flight {unknown}


   Skills:
 * Level 2.0 Fighting
 + Level 2.6 Dodging
 - Level 1.5 Stealth
 + Level 4.8 Spellcasting


You couldn't memorise any spells.
You knew the following spells:

 Your Spells              Type           Power      Damage    Failure   Level
a - Freeze                Ice            76%        1d9       2%          1
b - Frozen Ramparts       Ice            38%        1d5       6%          3
c - Ozocubu's Armour      Ice            19%        N/A       6%          3
d - Hailstorm             Conj/Ice       19%        3d6       22%         4
e - Necrotise             Necr           76%        1d7       2%          1
f - Call Imp              Summ           19%        N/A       3%          2
Your spell library was empty.

Dungeon Overview and Level Annotations

Branches:
Dungeon (3/15)

Altars:

Annotations:
D:3 Grinder


Innate Abilities, Weirdness & Mutations

You are immune to sickness and miasma.
You are immune to poison.
Your flesh is very heat resistant. (rF++)
You are vulnerable to cold. (rC-)
You float through the air rather than walking.
You learn spells naturally, not from books.
Your magical power is your life essence.
You have superior vitality. (+4 MHP)


Message History

Grinder hits you.
You writhe in agony.
You freeze Grinder but do no damage.
Grinder completely resists.
Grinder resists.
The wall freezes Grinder.
Grinder gestures at you. Pain shoots through your body!
* * * LOW HITPOINT WARNING * * *
You are too injured to fight recklessly!
Aiming: Freeze (safe; 2% risk of failure)
Press: ? - help, Q - select action, (/) - cycle Shift-Dir - straight line, f/p - Grinder
Aim: Grinder (lightly wounded)
You freeze Grinder.
Grinder resists.
Grinder is lightly wounded.
* * * LOW HITPOINT WARNING * * *
Grinder resists.
The wall freezes Grinder.
Grinder hits you.
* * * LOW HITPOINT WARNING * * *
Aiming: Freeze (safe; 2% risk of failure)
Press: ? - help, Q - select action, (/) - cycle Shift-Dir - straight line, f/p - Grinder
Aim: Grinder (lightly wounded)
You freeze Grinder but do no damage.
Grinder completely resists.
* * * LOW HITPOINT WARNING * * *
Grinder resists.
The wall freezes Grinder.
Grinder blinks!
Unknown command.
Casting: Freeze (safe; 2% risk of failure)
Confirm with . or Enter, or press ? or * to list all spells.
Okay, then.
Unknown command.
Grinder resists.
The wall freezes Grinder.
You are too injured to fight recklessly!
You are too injured to fight recklessly!
You are too injured to fight recklessly!
Unknown command.
Casting: Freeze (safe; 2% risk of failure)
Confirm with . or Enter, or press ? or * to list all spells.
Aiming: Freeze (safe; 2% risk of failure)
Press: ? - help, Shift-Dir - straight line, f/p - Grinder
Aim: Grinder (lightly wounded)
You freeze Grinder but do no damage.
Grinder completely resists.
* * * LOW HITPOINT WARNING * * *
The frozen ramparts melt away.
Grinder hits you.
You die...

#.........#####....##
#.........#.........# .
#.........#.#######.# .
#######...#.# ####.# #
....#.####....# #
#.###..#.##.....##.####
......>#.##............
......5#.##...........)
.......@...............
.......##..............
........#..............
..............##.......
......#.####### ##.####
....... .# ##.### .# #.


You could see Grinder.

Vanquished Creatures
  An ogre (D:3)
  An orc wizard (D:3)
  2 adders
  2 dart slugs
  7 orcs (D:3)
  5 ball pythons
  7 bats
  4 endoplasms
  2 giant cockroaches
  7 hobgoblins
  A frilled lizard (D:2)
  4 kobolds
  3 rats
46 creatures vanquished.

Notes
Turn   | Place    | Note
-------+----------+-------------------------------------------
     0 | D:1      | jimonade the Djinni Ice Elementalist began the quest for
                  | the Orb.
     0 | D:1      | jimonade set off with the following spells memorised:
                  | Freeze, Frozen Ramparts, Ozocubu's Armour, Hailstorm.
     0 | D:1      | Reached XP level 1. HP: 15/15 MP: 0/0
   441 | D:1      | Reached XP level 2. HP: 19/21 MP: 0/0
  1171 | D:1      | Found a faded altar of an unknown god.
  1694 | D:2      | Reached XP level 3. HP: 24/26 MP: 0/0
  1694 | D:2      | Learned a level 1 spell: Necrotise
  2070 | D:2      | Reached skill level 4 in Spellcasting
  2229 | D:3      | Reached skill level 1 in Fighting
  2229 | D:3      | Reached XP level 4. HP: 28/32 MP: 0/0
  2690 | D:3      | Noticed an ogre
  2698 | D:3      | Reached XP level 5. HP: 33/37 MP: 0/0
  2698 | D:3      | Learned a level 2 spell: Call Imp
  2703 | D:3      | Killed an ogre
  3006 | D:3      | Noticed Grinder
  3043 | D:3      | Slain by Grinder

Illustrated notes

Levels and vault maps discovered:
D:1:      dpeg_arrival_arbitrary_b, layout_loops_ring, serial_forest,
          infiniplex_forest_end_1, infiniplex_forest_corner_1,
          infiniplex_forest_lined_3, infiniplex_forest_lined_2,
          infiniplex_forest_lined_4_way, shapermc_ecumenical_altar_flowoftime,
          minmay_misc_feat_diagonals
D:2:      layout_loops_ring, corexii_leaking_fountain, minmay_split_cup_small
D:3:      layout_basic, uniq_grinder

Skill      XL: |  1  2  3  4  5 |
---------------+----------------+-----
Spellcasting   | 4 |  4.8
Fighting       | 1 2 |  2.0
Dodging        | |  2.6
Stealth        | |  1.5

Action                   |  1- 3 |  4- 6 || total
-------------------------+-------+-------++-------
Melee: Spear             |    10 |    24 ||    34
 Cast: Freeze            |    32 |    19 ||    51
       Frozen Ramparts   |     2 |     6 ||     8
       Ozocubu's Armour  |       |     1 ||     1
 Stab: Sleeping          |     2 |     1 ||     3
Armor: Robe              |     6 |     3 ||     9
Dodge: Dodged            |    22 |    17 ||    39

Table legend: (Time is in decaauts)
 A = Elapsed time spent in this place.
 B = Non-inter-level travel time spent in this place.
 C = Inter-level travel time spent in this place.
 D = Time resting spent in this place.
 E = Time spent auto-exploring this place.
 F = Levels seen in this place.
 G = Mean time per level.
                   A        B        C        D        E       F      G
               +--------+--------+--------+--------+--------+-----+--------+
         Total |   3046 |   2839 |    207 |    235 |   2160 |   3 | 1015.3 |
       Dungeon |   3046 |   2839 |    207 |    235 |   2160 |   3 | 1015.3 |
               +--------+--------+--------+--------+--------+-----+--------+

Top non-repeatable levels by time:
     D:1: 1460 daAuts
     D:2: 891 daAuts
     D:3: 695 daAuts
